 Dungeon Crawl Stone Soup version 0.30-a0-738-g116ff8c4af (webtiles) character file.

Game seed: 10154079027969293394

48 Leeroy the Sneak (level 3, 0/18 HPs)
             Began as a Vine Stalker Warper on Feb 3, 2023.
             Slain by a gnoll
             ... wielding a +0 spear
              (1 damage)
             ... on level 2 of the Dungeon.
             The game lasted 00:01:21 (990 turns).

Leeroy the Sneak (Vine Stalker Warper)               Turns: 990, Time: 00:01:21

Health: 0/18       AC:  3    Str: 13    XL:     3   Next: 72%
Magic:  0/7        EV: 11    Int: 13    God:
Gold:   102        SH:  0    Dex: 15    Spells: 6/6 levels left

rFire   . . .      SeeInvis .    g - +0 rapier
rCold   . . .      Faith    .    (no shield)
rNeg    . . .      Spirit   +    b - +0 leather armour
rPois   .          Reflect  .    (no helmet)
rElec   .          Harm     .    (no cloak)
rCorr   .          Rampage  .    (no gloves)
Will    .....                    (no boots)
Stlth   ++                       (no amulet)
HPRegen 0.23/turn                (no ring)
MPRegen 0.10/turn                (no ring)

@: no status effects
A: fangs 2, magic shield, antimagic bite, no potion heal 2
a: no special abilities


You were on level 2 of the Dungeon.
You visited 1 branch of the dungeon, and saw 2 of its levels.

You collected 102 gold pieces.

Inventory:

Hand Weapons
 a - a +0 falchion
 g - a +0 rapier (weapon)
Missiles
 d - 7 boomerangs of dispersal (quivered)
 e - 5 poisoned darts
 m - 4 boomerangs
Armour
 b - a +0 leather armour (worn)
 i - an orb of energy
Scrolls
 c - a scroll of blinking
 f - 2 scrolls of teleportation {unknown}
 k - 2 scrolls of poison {unknown}
 l - a scroll of brand weapon {unknown}
 o - a scroll of identify {unknown}
Potions
 h - 3 potions of might {unknown}
 j - a potion of heal wounds {unknown}
 n - 2 potions of cancellation {unknown}


   Skills:
 - Level 1.7 Fighting
 - Level 2.4 Long Blades
 - Level 0.8 Throwing
 - Level 0.7 Armour
 - Level 1.5 Dodging
 * Level 3.6 Stealth
 - Level 2.1 Spellcasting
 - Level 3.0 Translocations


You had 6 spell levels left.
You didn't know any spells.
Your spell library contained the following spells:

 Spells                   Type           Power      Damage    Failure   Level
 Blink                    Tloc           18%        N/A       14%         2
 Lesser Beckoning         Tloc           18%        N/A       14%         2
 Gell's Gravitas          Tloc           9%         N/A       28%         3
 Teleport Other           Tloc           9%         N/A       28%         3
 Vhi's Electric Charge    Tloc/Air       10%        N/A       45%         3
 Manifold Assault         Tloc           9%         N/A       67%         4


Dungeon Overview and Level Annotations

Branches:
Dungeon (2/15)

Altars:


Innate Abilities, Weirdness & Mutations

You have extremely sharp teeth.
When hurt, damage is shared between your health and your magic reserves.
Your bite disrupts and absorbs the magic of your enemies.
Potions cannot restore your health.


Message History

The gnoll hits you with a +0 spear.
You hit the gnoll.
The gnoll is lightly wounded.
The gnoll completely misses you.
You hit the gnoll but do no damage.
The gnoll is lightly wounded.
The gnoll hits you with a +0 spear.
You are too injured to fight recklessly!
You are too injured to fight recklessly!
You are too injured to fight recklessly!
You are too injured to fight recklessly!
You are too injured to fight recklessly!
You hit the gnoll but do no damage.
The gnoll is lightly wounded.
The gnoll barely misses you.
You closely miss the gnoll.
The gnoll is lightly wounded.
The gnoll hits you with a +0 spear.
You hit the gnoll. Your bite misses the gnoll.
The gnoll is lightly wounded.
The gnoll completely misses you. The gnoll hits you but does no damage.
You hit the gnoll. You bite the gnoll. You drain its power.
You feel invigorated.
The gnoll is heavily wounded.
The gnoll hits you with a +0 spear.
* * * LOW HITPOINT WARNING * * *
Okay, then.
You hit the gnoll but do no damage.
The gnoll is heavily wounded.
The gnoll hits you with a +0 spear.
* * * LOW HITPOINT WARNING * * *
You closely miss the gnoll. You bite the gnoll. You drain its power.
You feel invigorated.
The gnoll is severely wounded.
The gnoll hits you with a +0 spear.
* * * LOW HITPOINT WARNING * * *
You closely miss the gnoll.
The gnoll is severely wounded.
The gnoll hits you with a +0 spear.
You die...

...........
.....#.#...
.....#.#.##
####++####...#.#.##
#≈≈≈..≈≈≈#......†##
#≈......≈#.###.#.##
#≈r≈≈≈§.≈#.......##
#§g≈§≈≈.≈#.###.##.#
#≈@§≈≈≈.≈#.###.##.#
#≈.≈§§§§§#.....†...
#§.§.§..§#.###..#.#
#≈≈§.†≈§≈#.# #.....
####''####.# #.....
#..........# #....#
#......).....##......
.............###.....
#.#.#.##...#.# ##...#


You could see a gnoll and a rat.

Vanquished Creatures
  2 gnolls (D:2)
  2 dart slugs (D:1)
  3 endoplasms
  A goblin (D:1)
  A hobgoblin (D:1)
  3 kobolds
  4 quokkas (D:1)
  3 ball pythons
  2 bats (D:1)
  2 frilled lizards (D:2)
  4 rats
27 creatures vanquished.

Notes
Turn   | Place    | Note
-------+----------+-------------------------------------------
     0 | D:1      | Leeroy the Vine Stalker Warper began the quest for the Orb.
     0 | D:1      | Reached XP level 1. HP: 11/11 MP: 4/4
   155 | D:1      | Reached skill level 1 in Stealth
   173 | D:1      | Reached XP level 2. HP: 15/15 MP: 6/6
   817 | D:2      | Reached XP level 3. HP: 18/18 MP: 7/7
   990 | D:2      | Slain by a gnoll

Illustrated notes

Levels and vault maps discovered:
D:1:      evilmike_arrival_hilbert_curve, layout_loops_ring,
          kennysheep_another_room, minmay_cupped
D:2:      cheibrodos_helix_gallery, layout_basic,
          hellmonk_ecumenical_altar_slurped_away, kennysheep_generic_room_6

Skill      XL: |  1  2  3 |
---------------+----------+-----
Long Blades    | 2 |  2.4
Stealth        | 1 2 3 |  3.6
Fighting       | |  1.7
Throwing       | |  0.8
Armour         | |  0.7
Dodging        | |  1.5
Spellcasting   | |  2.1
Translocations | |  3.0

Action                     || total
---------------------------++-------
  Melee: Rapier            ||    66
         Falchion          ||     5
         Bite              ||    15
         Punch             ||     1
   Stab: Sleeping          ||     6
 Armour: Leather armour    ||    19
  Dodge: Dodged            ||    32

Table legend: (Time is in decaauts)
 A = Elapsed time spent in this place.
 B = Non-inter-level travel time spent in this place.
 C = Inter-level travel time spent in this place.
 D = Time resting spent in this place.
 E = Time spent auto-exploring this place.
 F = Levels seen in this place.
 G = Mean time per level.
                   A        B        C        D        E       F      G
               +--------+--------+--------+--------+--------+-----+--------+
         Total |    999 |    982 |     17 |      0 |    776 |   2 |  499.5 |
       Dungeon |    999 |    982 |     17 |      0 |    776 |   2 |  499.5 |
               +--------+--------+--------+--------+--------+-----+--------+

Top non-repeatable levels by time:
     D:1: 806 daAuts
     D:2: 193 daAuts
